AoeStats
← Caribe

Glade

510567213Analyzed
1v1 RM · 14h ago on Oct 1, 2026· 31m 46s· 2 players
Game mode
Random Map
Map size
Tiny (2 player)
Population
200
Speed
Normal
Resources
Standard
Victory
Conquest
Starting age
Dark Age
Ending age
Imperial Age
RankedLock teamsTeams togetherTeam positionsShared explorationLock speedFull tech treeHidden civsTurbo modeCheats
Victory
Defeat
🇻🇪 Vietnamese · Venezuela
1266
+16
🇦🇷 Berbers · Argentina
1259
-16
Nyx
7:27 Loom
11:11 Feudal Age
16:23 Castle Age
14:12 Double-Bit Axe
14:10 Horse Collar
15:25 Fletching
16:13 Padded Archer Armor
17:34 Bow Saw
17:36 Heavy Plow
18:33 Wheelbarrow
21:00 Leather Archer Armor
21:03 Town Watch
22:37 Fervor
28:28 Hand Cart
28:42 Bloodlines
29:24 Ballistics
30:34 Scale Barding Armor
30:32 Gold Mining
31:07 Forging
31:34 Bodkin Arrow
32:00 Chain Barding Armor
Caribe
11:40 Feudal Age
15:31 Castle Age
13:35 Double-Bit Axe
13:33 Horse Collar
14:49 Loom
16:38 Bow Saw
16:30 Heavy Plow
17:34 Fletching
25:00 Imperial Age
23:02 Padded Archer Armor
23:53 Forging
23:49 Scale Barding Armor
25:19 Bloodlines
25:09 Husbandry
26:13 Iron Casting
27:55 Wheelbarrow
28:08 Bodkin Arrow
27:36 Elite Skirmisher
29:28 Gold Mining
30:07 Town Watch
30:56 Bracer
Connection lost

Rejoining the realm…

Still unreachable

The connection could not be restored.

Session expired

The server has moved on; the page needs a fresh start.